 Dungeon Crawl Stone Soup version 0.31-a0-1529-g7bd419a0e5 (webtiles) character file.

Game seed: 7179897132152478517

169 bmb222 the Ruffian (level 5, -1/35 HPs)
             Began as an Octopode Shapeshifter on Dec 31, 2023.
             Slain by a gnoll
             ... wielding a +0 club
              (5 damage)
             ... on level 3 of the Dungeon.
             The game lasted 00:01:59 (2253 turns).

bmb222 the Ruffian (Octopode Shapeshifter)          Turns: 2253, Time: 00:01:59

Health: -1/35      AC:  5    Str: 15    XL:     5   Next: 50%
Magic:  5/5        EV: 13    Int: 13    God:
Gold:   193        SH:  0    Dex: 11    Spells: 4/4 levels left

rFire   + .          .
                       - Unarmed
rCold   . . .        (no shield)
rNeg    . . .        (helmet currently unavailable)
rPois   .            (no amulet)
rElec   .            d - ring of protection from cold
rCorr   .            f - ring of wizardry
SInv    .            l - +4 ring of protection
Will    .....        q - ring of fire
Stlth   +++          (no ring)
HPRegen 0.25/turn    (no ring)
MPRegen 0.09/turn    (no ring)
                     (no ring)

%: wizardry (x1)
@: beast-form
A: beast (slay +2), almost no armour, amphibious, 8 rings, camouflage 1,
gelatinous body 1, (nimble swimmer 1), tentacles
a: Begin Untransformation


You were on level 3 of the Dungeon.
You were a hulking beast.
You visited 1 branch of the dungeon, and saw 4 of its levels.

You collected 193 gold pieces.

Inventory:

Jewellery
 d - a ring of protection from cold (left tentacle)
 f - a ring of wizardry (right tentacle)
 l - a +4 ring of protection (on tentacle)
 q - a ring of fire (on tentacle)
Talismans
 b - a beast talisman
 c - a flux talisman
Scrolls
 e - 2 scrolls of enchant armour {unknown}
 g - 2 scrolls of amnesia {unknown}
 i - a scroll of enchant weapon {unknown}
 k - 2 scrolls of teleportation {unknown}
 p - a scroll of butterflies {unknown}
 s - a scroll of poison {unknown}
 u - a scroll of vulnerability {unknown}
Potions
 a - a potion of lignification
 h - 2 potions of curing
 j - 3 potions of heal wounds {unknown}
 m - a potion of might {unknown}
 n - 2 potions of haste {unknown}
 o - a potion of magic {unknown}
 r - 2 potions of enlightenment {unknown}
 t - 2 potions of degeneration {unknown}


   Skills:
 * Level 2.4 Fighting
 + Level 3.0 Dodging
 + Level 2.6 Stealth
 + Level 3.7 Unarmed Combat
 + Level 3.7 Shapeshifting


You had 4 spell levels left.
You didn't know any spells.
Your spell library contained the following spells:

 Spells                   Type           Power      Damage    Failure   Level
 Apportation              Tloc           0%         N/A       12%         1
 Necrotise                Necr           0%         1d4       12%         1
 Sandblast                Erth           0%         2d4       12%         1
 Sting                    Conj/Alch      0%         1d3       12%         1
 Summon Small Mammal      Summ           0%         N/A       12%         1
 Blink                    Tloc           0%         N/A       19%         2
 Lesser Beckoning         Tloc           0%         N/A       19%         2
 Momentum Strike          Conj/Tloc      0%         3d8       19%         2
 Passwall                 Erth           0%         N/A       34%         3
 Stone Arrow              Conj/Erth      0%         3d7       34%         3
 Brom's Barrelling Bould  Conj/Erth      0%         2d3       73%         4


Dungeon Overview and Level Annotations

Branches:
Dungeon (4/15)
 Temple: D:4-7

Altars:
Elyvilon
Xom

Shops:
D:3 =!*


Innate Abilities, Weirdness & Mutations

You are a hulking beast.
Your limbs bulge with bestial killing power. (Slay +2)
You cannot wear most types of armour.
You are amphibious.
You can wear up to eight rings at the same time.
Your skin changes colour to match your surroundings (Stealth+).
Your rubbery body absorbs attacks. (AC +1, EV +1)
((You are camouflaged when in or above water. (Stealth+)))
You have tentacles for arms and can constrict up to eight enemies at once.


Message History

You shred the net and break free! The gnoll barely misses you.
The gnoll closely misses you. The gnoll hits you but does no damage.
The gnoll attacks as it pursues you! The gnoll completely misses you.
The gnoll attacks as it pursues you! The gnoll barely misses you.
There is a stone staircase leading up here.
The gnoll barely misses you. The gnoll hits you but does no damage.
You climb upwards.
There is a stone staircase leading down here.
The gnoll attacks as it pursues you! The gnoll hits you with a +0 club.
* * * LOW HITPOINT WARNING * * *
The gnoll attacks as it pursues you! The gnoll hits you with a +0 whip.
* * * LOW HITPOINT WARNING * * *
The gnoll attacks as it pursues you! The gnoll barely misses you.
The gnoll attacks as it pursues you! The gnoll hits you with a +0 whip.
* * * LOW HITPOINT WARNING * * *
It was a potion of curing.
You feel better. The gnoll misses you. The gnoll hits you but does no damage.
There are no items here.
You feel better. The gnoll closely misses you. x2
The gnoll attacks as it pursues you! The gnoll hits you with a +0 whip.
The gnoll attacks as it pursues you! The gnoll barely misses you.
The gnoll attacks as it pursues you! The gnoll barely misses you.
The gnoll attacks as it pursues you! The gnoll hits you with a +0 whip.
* * * LOW HITPOINT WARNING * * *
Unknown command.
You bludgeon the gnoll! You grab the gnoll. You squeeze the gnoll.
The gnoll is severely wounded.
You constrict the gnoll. The gnoll hits you with a +0 whip.
* * * LOW HITPOINT WARNING * * *
You tentacle-slap the gnoll.
You kill the gnoll!
You tentacle-slap the gnoll. You grab the gnoll.
The gnoll is heavily wounded.
You constrict the gnoll. The gnoll barely misses you.
You tentacle-slap the gnoll but do no damage.
You squeeze the gnoll, but do no damage.
The gnoll is heavily wounded.
You constrict the gnoll. The gnoll hits you with a +0 club.
You die...

#.#...........#.#...........#.
#.#############.#############.
#.............................
####.####.............#....#.#
#.............####..#.....#
##########.#### ##........ #.#
##....#.. #.# #######....###
#h###.....#......#
#########g##.............#
#####..................>......
#.............................
###.###...<.....................
#...............................
#..###..........................
#.#.#.#.........................
#.##∩##..........#.............#


You could see a gnoll.

Vanquished Creatures
  An orc wizard (D:3)
  4 adders
  3 gnolls
  8 dart slugs
  A ribbon worm (D:2)
  2 orcs (D:3)
  5 endoplasms
  A giant cockroach (D:1)
  4 hobgoblins
  4 jackals (D:2)
  A kobold (D:1)
  4 ball pythons
  7 bats
  A frilled lizard (D:2)
  7 goblins
  7 rats
60 creatures vanquished.

Notes
Turn   | Place    | Note
-------+----------+-------------------------------------------
     0 | D:1      | bmb222 the Octopode Shapeshifter began the quest for the
                  | Orb.
     0 | D:1      | Reached XP level 1. HP: 13/13 MP: 1/1
   177 | D:1      | Reached XP level 2. HP: 18/18 MP: 2/2
   525 | D:2      | Reached XP level 3. HP: 23/23 MP: 3/3
   527 | D:2      | Reached skill level 1 in Stealth
   765 | D:2      | Reached XP level 4. HP: 29/29 MP: 4/4
   810 | D:2      | Identified the +7 dagger "Hash" {heavy, Will+ Str+2}
  1252 | D:3      | Found a shimmering altar of Xom.
  1360 | D:3      | Found a white marble altar of Elyvilon.
  1367 | D:3      | Found Odioh's Distillery.
  1521 | D:3      | Found Xureal's Jewellery Boutique.
  1665 | D:3      | Found Yciefuno's General Store.
  2043 | D:3      | Reached XP level 5. HP: 25/33 MP: 5/5
  2253 | D:3      | Slain by a gnoll

Illustrated notes

Levels and vault maps discovered:
D:1:      dpeg_arrival_rhombus, layout_rooms
D:2:      layout_loops_ring
D:3:      kennysheep_slugbush, layout_rooms, mainiacjoe_overflow_catch_the_wave,
          serial_shops, shop, shop, nicolae_shop_gaudy_bauble,
          roderic_lattice_a, minivault_19, grunt_decor_fettered,
          bh_walls_and_bars
D:4:      layout_gridville, lemuel_crystal_altar, temple_green

Skill      XL: |  1  2  3  4  5 |
---------------+----------------+-----
Stealth        | 1 2 |  2.6
Fighting       | 2 |  2.4
Dodging        | 3 |  3.0
Unarmed Combat | |  3.7
Shapeshifting  | |  3.7

Action                     |  1- 3 |  4- 6 || total
---------------------------+-------+-------++-------
  Melee: Unarmed           |    57 |    68 ||   125
         Tentacles         |    13 |    16 ||    29
         Constrict         |    18 |    22 ||    40
         Punch             |     1 |     1 ||     2
    Use: Potion            |       |     2 ||     2
   Stab: Sleeping          |     6 |     5 ||    11
 Armour: Skin              |    22 |    40 ||    62
  Dodge: Dodged            |    27 |    52 ||    79

Table legend: (Time is in decaauts)
 A = Elapsed time spent in this place.
 B = Non-inter-level travel time spent in this place.
 C = Inter-level travel time spent in this place.
 D = Time resting spent in this place.
 E = Time spent auto-exploring this place.
 F = Levels seen in this place.
 G = Mean time per level.
                   A        B        C        D        E       F      G
               +--------+--------+--------+--------+--------+-----+--------+
         Total |   2242 |   2152 |     90 |      0 |   1762 |   4 |  560.5 |
       Dungeon |   2242 |   2152 |     90 |      0 |   1762 |   4 |  560.5 |
               +--------+--------+--------+--------+--------+-----+--------+

Top non-repeatable levels by time:
     D:3: 1029 daAuts
     D:2: 817 daAuts
     D:1: 380 daAuts
     D:4: 16 daAuts
